 Dungeon Crawl Stone Soup version 0.31-a0-112-gdf0485fa37 (webtiles) character file.

Game seed: 2459256557872630294

2251 bmack86 the Cleaver (level 9, -7/73 HPs)
             Began as a Minotaur Fighter on May 28, 2023.
             Was an Initiate of Gozag.
             Mangled by a centaur warrior
             ... wielding a +0 bardiche of flaming
              (9 damage)
             ... on level 8 of the Dungeon.
             The game lasted 00:15:16 (6944 turns).

bmack86 the Cleaver (Minotaur Fighter)              Turns: 6944, Time: 00:15:17

Health: -7/73      AC: 15    Str: 31    XL:     9   Next: 15%
Magic:  8/8        EV:  6    Int:  5    God:    Gozag
Gold:   25         SH:  8    Dex: 10    Spells: 8/8 levels left

rFire   + . .        a - +0 war axe (venom)
rCold   + . .        q - +0 kite shield
rNeg    . . .        e - +0 plate armour
rPois   +            (helmet restricted)
rElec   +            k - +0 cloak
rCorr   +            h - +2 pair of gloves
SInv    .            (no boots)
Will    .....        (no amulet) Stlth
                     u - +6 ring of strength
HPRegen 0.32/turn    (no ring)
MPRegen 0.11/turn

%: no passive effects
@: mighty, brilliant, lethally poisoned (-7 -> -13), resistant, hasted and
slowed
A: horns 2, retaliatory headbutt, hooves 2
a: Renounce Religion, Potion Petition, Call Merchant, Bribe Branch


You were on level 8 of the Dungeon.
You worshipped Gozag.
Gozag was noncommittal.
You visited 2 branches of the dungeon, and saw 9 of its levels.

You collected 876 gold pieces.
You paid 851 gold pieces to Gozag.

Inventory:

Hand Weapons
 a - a +0 war axe of venom (weapon)
Missiles
 i - a curare-tipped dart
 v - 2 throwing nets (quivered)
Armour
 b - a +0 scale mail
 c - a +1 buckler
 e - a +0 plate armour (worn)
 h - a +2 pair of gloves (worn)
 k - a +0 cloak (worn)
 q - a +0 kite shield (worn)
Jewellery
 g - a ring of protection from cold
 s - an amulet of magic regeneration
 u - a +6 ring of strength (left hand)
Wands
 l - a wand of mindburst (5)
Scrolls
 f - 2 scrolls of teleportation
 j - a scroll of magic mapping
 n - a scroll of blinking
Potions
 d - 2 potions of might
 m - a potion of degeneration
 o - a potion of resistance
 p - a potion of curing {unknown}
 r - a potion of berserk rage
 t - a potion of lignification
 w - a potion of heal wounds {unknown}
 z - a potion of brilliance {unknown}


   Skills:
 * Level 4.8 Fighting
 - Level 14.0 Axes
 - Level 3.6 Armour
 + Level 4.2 Shields


You had 8 spell levels left.
You didn't know any spells.
Your spell library contained the following spells:

 Spells                   Type           Power      Damage    Failure   Level
 Foxfire                  Conj/Fire      0%         2x1d4     100%        1
 Portal Projectile        Hex/Tloc       0%         N/A       100%        3
 Tukima's Dance           Hex            0%         N/A       100%        3
 Blade Hands              Tmut           0%         N/A       100%        5
 Fireball                 Conj/Fire      0%         3d3       100%        5
 Plasma Beam              Fire/Air       0%         2x1d11    100%        6
 Starburst                Conj/Fire      0%         6d3       100%        6


Dungeon Overview and Level Annotations

Branches:
Dungeon (8/15)             Temple (1/1) D:4
   Lair: D:8-11

Altars:
Ashenzari
Cheibriados
Dithmenos
Elyvilon
Fedhas
Gozag
Hepliaklqana
Kikubaaqudgha
Makhleb
Nemelex Xobeh
Okawaru
Qazlal
Ru
Trog
Uskayaw
Vehumet
Wu Jian
Xom
Yredelemnul
Zin
The Shining One

Annotations:
D:6 1 runed translucent door, pigah's ghost, novice OpWn


Innate Abilities, Weirdness & Mutations

You have a pair of horns on your head.
You reflexively headbutt those who attack you in melee.
You have hoof-like feet.


Message History

The troll is no longer distracted by gold.
The centaur warrior hits you from afar with a +0 bardiche of flaming!
The centaur warrior burns you.
The hornet is distracted by your dazzling golden aura.
The acid dragon is distracted by your dazzling golden aura.
The orc is distracted by your dazzling golden aura.
You block the centaur warrior's attack.
The hornet buzzes angrily.
The acid dragon roars!
The orc shouts!
You slash the hornet!
The hornet is poisoned.
The hornet is no longer distracted by gold.
The hornet is severely wounded.
You feel sick.
The orc is no longer distracted by gold. x2
The centaur warrior hits you from afar with a +0 bardiche of flaming.
The centaur warrior burns you. You block the hornet's attack.
The centaur warrior hits you from afar with a +0 bardiche of flaming!
* * * LOW HITPOINT WARNING * * *
The centaur warrior burns you.
* * * LOW HITPOINT WARNING * * *
The hornet stings you.
* * * LOW HITPOINT WARNING * * *
You are lethally poisoned!
You feel as though you will be slow longer.
Okay, then. [a] - 700 gold - haste, resistance and enlightenment [b] - 360 gold - invisibility and might [c] - 792 gold - resistance, might, haste, brilliance and magic Purchase which effect?
You no longer have enough gold to petition Gozag for potion effects.
You no longer have enough gold to fund merchants seeking to open stores in the dungeon.
You feel protected.
You feel very mighty all of a sudden.
You feel yourself speed up.
You feel clever all of a sudden. Magic courses through your body.
* * * LOW HITPOINT WARNING * * *
You feel very sick.
The centaur warrior hits you from afar with a +0 bardiche of flaming!
You die...
Your body crumbles into a pile of gold.

##..?...##
#..#..#..###
#..#..#...#
#..#..##..#
### ..##.....#
....#.D#...###
.....oT#...#
#ocy##..#
#@#..# ##..##
#....$..#
##..##### ....
..# .


You could see a centaur warrior, a troll, a hornet (very poisoned), an acid
dragon and 2 orcs.

Vanquished Creatures
  A water moccasin (D:8)
  3 ice beasts
  3 black bears
  A sky beast (D:6)
  An ogre (D:7)
  3 centaurs
  A kobold brigand (D:7)
  A scorpion (D:6)
  5 killer bees (D:5)
  2 howler monkeys
  Crazy Yiuf (D:5)
  2 orc priests
  2 gnoll boudas
  A hound (D:4)
  2 jellies (D:7)
  A sleepcap (D:5)
  2 iguanas
  4 orc wizards
  Robin (D:4)
  13 gnolls
  10 adders
  A shadow imp (D:5)
  A white imp (D:5)
  2 worms
  3 dart slugs
  21 orcs
  4 ball pythons
  5 bats
  12 endoplasms
  3 giant cockroaches
  10 hobgoblins
  6 jackals
  2 quokkas
  3 frilled lizards
  16 goblins
  9 kobolds
  8 rats
166 creatures vanquished.

Notes
Turn   | Place    | Note
-------+----------+-------------------------------------------
     0 | D:1      | bmack86 the Minotaur Fighter began the quest for the Orb.
     0 | D:1      | Reached XP level 1. HP: 19/19 MP: 0/0
    87 | D:1      | Reached skill level 3 in Axes
   159 | D:1      | Reached XP level 2. HP: 19/26 MP: 1/1
   214 | D:1      | Reached skill level 4 in Axes
   363 | D:1      | Reached XP level 3. HP: 31/31 MP: 2/2
   647 | D:2      | Identified the +0 trident "Ijoih" {vamp, rN+ Dex+2 SInv
                  | Stlth+}
   758 | D:2      | Reached skill level 5 in Axes
   947 | D:2      | Reached XP level 4. HP: 39/39 MP: 3/3
  1244 | D:2      | Found a glowing silver altar of Zin.
  1626 | D:3      | Found a stormy altar of Qazlal.
  1709 | D:3      | Found an ornate altar of the Wu Jian Council.
  1714 | D:3      | Reached skill level 6 in Axes
  1772 | D:3      | Found an iron altar of Okawaru.
  2343 | D:3      | Reached XP level 5. HP: 45/45 MP: 4/4
  2443 | D:4      | Found a staircase to the Ecumenical Temple.
  2468 | Temple   | Entered the Ecumenical Temple
  2573 | Temple   | Became a worshipper of Gozag Ym Sagoz the Greedy
  2645 | D:4      | Noticed Robin
  2656 | D:4      | Killed Robin
  2820 | D:4      | Reached skill level 7 in Axes
  2887 | D:4      | Reached XP level 6. HP: 36/51 MP: 5/5
  3042 | D:4      | Reached skill level 8 in Axes
  3376 | D:5      | Entered Level 5 of the Dungeon
  3433 | D:5      | Reached skill level 9 in Axes
  3439 | D:5      | Reached XP level 7. HP: 23/57 MP: 6/6
  3444 | D:5      | Gained mutation: Your spells are a little harder to cast,
                  | but a little more powerful. [potion of mutation]
  3444 | D:5      | Gained mutation: You have large cloven feet. [potion of
                  | mutation]
  3444 | D:5      | Lost mutation: Your spells are a little harder to cast, but
                  | a little more powerful. [potion of mutation]
  3444 | D:5      | Gained mutation: You have hoof-like feet. [potion of
                  | mutation]
  3446 | D:5      | HP: 2/57 [poisoned by an orc wizard]
  3781 | D:5      | Reached skill level 10 in Axes
  3933 | D:5      | Found a runed translucent door.
  3934 | D:5      | Noticed Crazy Yiuf
  3941 | D:5      | Killed Crazy Yiuf
  4150 | D:5      | Found a snail-covered altar of Cheibriados.
  4611 | D:6      | Reached skill level 11 in Axes
  4725 | D:6      | Reached XP level 8. HP: 64/64 MP: 7/7
  5175 | D:6      | Reached skill level 12 in Axes
  5509 | D:6      | Found a runed translucent door.
  5510 | D:6      | Noticed pigah's ghost (novice OpWn)
  5930 | D:7      | Reached skill level 13 in Axes
  6918 | D:8      | Noticed a troll
  6926 | D:8      | Reached skill level 14 in Axes
  6926 | D:8      | Reached XP level 9. HP: 68/70 MP: 8/8
  6932 | D:8      | Noticed a centaur warrior
  6937 | D:8      | Paralysed by a hornet for 1 turns
  6944 | D:8      | HP: 2/73 [poisoned by a hornet]
  6944 | D:8      | Mangled by a centaur warrior

Illustrated notes

Levels and vault maps discovered:
D:1:      lightli_arrival_statue_moat, layout_basic, fountainhead,
          nicolae_grassy_gnolls
D:2:      layout_basic, basic_altar
D:3:      corexii_shack_village, layout_basic, nicolae_qazlal_general_emergency,
          mainiacjoe_overflow_catch_the_wave
D:4:      layout_basic, minmay_temple_entry_steel_oval, uniq_robin
D:5:      layout_loops_ring, slow_altar_2, uniq_crazy_yiuf_cottage
D:6:      layout_layer_cave, gammafunk_ghost_grave, minmay_fountain_box
D:7:      layout_basic, kennysheep_path_1
D:8:      layout_cave_pools, david_lair_shrubbed, minmay_pinched_square
Temple:   minmay_temple_bridge_d

Skill      XL: |  1  2  3  4  5  6  7  8  9 |
---------------+----------------------------+-----
Axes           | 3 4 5 6 7 9 11 14 | 14.0
Fighting       | 4 |  4.8
Shields        | 4 |  4.2
Armour         | |  3.6

Action                     |  1- 3 |  4- 6 |  7- 9 || total
---------------------------+-------+-------+-------++-------
  Melee: War axe           |    80 |   168 |   142 ||   390
         Headbutt          |    10 |    15 |    27 ||    52
         Kick              |       |       |    34 ||    34
 Invoke: Potion Petition   |       |       |     1 ||     1
    Use: Scroll            |     2 |       |    15 ||    17
         Potion            |       |       |     3 ||     3
   Stab: Distracted        |       |     3 |       ||     3
 Armour: Scale mail        |    29 |       |       ||    29
         Plate armour      |    14 |   112 |    89 ||   215
  Dodge: Dodged            |    47 |    58 |    23 ||   128
  Block: Buckler           |    30 |    17 |       ||    47
         Kite shield       |       |    53 |    64 ||   117

Table legend: (Time is in decaauts)
 A = Elapsed time spent in this place.
 B = Non-inter-level travel time spent in this place.
 C = Inter-level travel time spent in this place.
 D = Time resting spent in this place.
 E = Time spent auto-exploring this place.
 F = Levels seen in this place.
 G = Mean time per level.
                   A        B        C        D        E       F      G
               +--------+--------+--------+--------+--------+-----+--------+
         Total |   7017 |   6748 |    269 |    158 |   4869 |   9 |  779.7 |
       Dungeon |   6838 |   6669 |    169 |    158 |   4809 |   8 |  854.8 |
        Temple |    179 |     79 |    100 |      0 |     60 |   1 |  179.0 |
               +--------+--------+--------+--------+--------+-----+--------+

Top non-repeatable levels by time:
     D:6: 1175 daAuts
     D:2: 1083 daAuts
     D:5: 1060 daAuts
     D:7: 1017 daAuts
     D:4: 1004 daAuts
     D:3: 791 daAuts
     D:1: 539 daAuts
  Temple: 179 daAuts
     D:8: 165 daAuts
